 Dungeon Crawl Stone Soup version 0.30-a0-457-g4b7bca3bfa (webtiles) character file.

Game seed: 16984710120053515081

14151 p00ps00p the Cleaver (level 12, -5/112 HPs)
             Began as a Hill Orc Fighter on Dec 13, 2022.
             Was an Initiate of Gozag.
             Slain by an anaconda simulacrum (15 damage)
             ... in an ice cave.
             The game lasted 00:20:35 (10915 turns).

p00ps00p the Cleaver (Hill Orc Fighter)            Turns: 10915, Time: 00:20:36

Health: -5/112     AC: 27    Str: 24    XL:     12   Next: 13%
Magic:  12/12      EV:  4    Int: 11    God:    Gozag
Gold:   955        SH: 14    Dex: 10    Spells: 11/11 levels left

rFire   + . .      SeeInvis .    a - +2 war axe (venom)
rCold   . . .      Faith    .    q - +3 kite shield {AC+3}
rNeg    . . .      Spirit   .    b - +3 chain mail {rF+}
rPois   .          Reflect  .    v - +0 helmet {Int+3}
rElec   .          Harm     .    y - +1 cloak {Will+}
rCorr   .          Rampage  .    p - +0 pair of gloves
Will    +....                    (no boots)
Stlth   ..........               d - amulet of the acrobat
HPRegen 0.38/turn                l - +4 ring of protection
MPRegen 0.13/turn                r - +4 ring of slaying

@: gold aura, constricted, invisible
A: no striking features
a: Renounce Religion, Potion Petition, Call Merchant, Bribe Branch


You were in an ice cave.
You worshipped Gozag.
Gozag was pleased with you.
You visited 3 branches of the dungeon, and saw 12 of its levels.
You also visited: Ice Cave.

You collected 2781 gold pieces.
You spent 696 gold pieces at shops.
You paid 1130 gold pieces to Gozag.

Inventory:

Hand Weapons
 a - a +2 war axe of venom (weapon)
 c - a +1 vorpal broad axe
Missiles
 g - 7 curare-tipped darts (quivered)
 h - 11 poisoned darts
 F - 6 javelins
Armour
 b - a +3 chain mail of fire resistance (worn)
 p - a +0 pair of gloves (worn)
 q - a +3 kite shield of protection (worn)
 v - a +0 helmet of intelligence (worn)
 y - a +1 cloak of willpower (worn)
Jewellery
 d - an amulet of the acrobat (around neck)
 l - a +4 ring of protection (left hand)
 r - a +4 ring of slaying (right hand)
 D - an amulet of magic regeneration
Wands
 f - a wand of light (12)
 s - a wand of flame (39)
 u - a wand of paralysis (7)
 B - a wand of mindburst (8)
Scrolls
 n - 5 scrolls of teleportation
 t - 3 scrolls of fear
 A - a scroll of noise
 G - a scroll of poison
Potions
 e - 5 potions of mutation
 i - 4 potions of lignification
 j - 2 potions of curing
 k - a potion of degeneration
 m - a potion of invisibility
 o - 5 potions of haste
 w - 2 potions of attraction
 x - a potion of flight {unknown}
 z - a potion of ambrosia {unknown}
 C - a potion of resistance {unknown}


   Skills:
 + Level 12.1 Fighting
 + Level 12.8 Axes
 + Level 11.1 Armour
 + Level 11.2 Shields


You had 11 spell levels left.
You didn't know any spells.
Your spell library contained the following spells:

 Spells                   Type           Power      Damage    Failure   Level
 Freeze                   Ice            0%         1d3       98%         1
 Frozen Ramparts          Ice            0%         1d1       100%        3
 Hailstorm                Conj/Ice       0%         3d3       100%        3
 Yara's Violent Unravell  Hex/Tmut       0%         3d3       100%        5
 Enfeeble                 Hex            0%         N/A       100%        7


Dungeon Overview and Level Annotations

Branches:
Dungeon (9/15)             Temple (1/1) D:6            Lair (2/5) D:8
  Snake (0/4) Lair:2        IceCv (1/1)
  Swamp: Lair:2-3    Shoals: Lair:2-3       Orc: D:9-12

Altars:
Cheibriados
Dithmenos
Fedhas
Gozag
Hepliaklqana
Kikubaaqudgha
Makhleb
Okawaru
Qazlal
Ru
Sif Muna
Trog
Vehumet
Zin

Shops:
D:7 [   Lair:1 (

Annotations:
D:9 Amaemon
Lair:2 1 runed translucent door, Hellmel's ghost, journeyman DsGl


Message History

The anaconda simulacrum freezes you!! The anaconda simulacrum constricts you.
You are too injured to fight recklessly!
Unknown command.
You are too injured to fight recklessly!
Unknown command.
You are too injured to fight recklessly!
Unknown command.
You fade into invisibility!
The anaconda simulacrum bites you! The anaconda simulacrum freezes you!!
* * * LOW HITPOINT WARNING * * *
The anaconda simulacrum constricts you.
The troll simulacrum bites you but does no damage.
You block the troll simulacrum's attack.
The troll simulacrum barely misses you. The spriggan simulacrum hits you.
* * * LOW HITPOINT WARNING * * *
The spriggan simulacrum freezes you!
* * * LOW HITPOINT WARNING * * *
You block the anaconda simulacrum's attack.
The anaconda simulacrum constricts you.
Read: 3 scrolls of fear
Press: ? - help, Q - select action, (/) - cycle Dir - look around, f - activate Look: a white imp (unable to see you, chance to affect: 98%)
Okay, then.
You feel better.
The elephant simulacrum is no longer distracted by gold.
You block the anaconda simulacrum's attack.
The anaconda simulacrum constricts you. The troll simulacrum bites you.
* * * LOW HITPOINT WARNING * * *
The troll simulacrum freezes you!
* * * LOW HITPOINT WARNING * * *
The troll simulacrum claws you but does no damage. x2
You feel better.
You block the anaconda simulacrum's attack.
The anaconda simulacrum constricts you.
* * * LOW HITPOINT WARNING * * *
The anaconda simulacrum bites you.
* * * LOW HITPOINT WARNING * * *
The anaconda simulacrum freezes you!
You die...
Your body crumbles into a pile of gold.

.. .. .# .## Z. ...##
##≈ ....# #### #≈≈
......
##..#######≈≈###......
##....##..##≈.Z#ZZ.....
#..........###.@5Z.Z...
#.∩.∩.......#...45.....
#.......##....##..Z....
##....#####..## #......
##..## #### ...... ####
##.#.# ## #


You could see an ice devil (unable to see you), 2 white imps, an anaconda
simulacrum (unable to see you), a death yak simulacrum (unable to see you), an
elephant simulacrum (unable to see you), a spriggan simulacrum (unable to see
you), a naga simulacrum (unable to see you) and a troll simulacrum (unable to
see you).

Vanquished Creatures
  A minotaur (Lair:1)
  A bog body (Lair:2)
  Pikel (D:7)
  A deep elf pyromancer (D:6)
  5 cane toads
  2 komodo dragons (Lair:1)
  2 ice devils (Lair:2)
  A troll (D:8)
  6 polar bears (Lair:1)
  Grinder (D:3)
  Sigmund (D:2)
  A wyvern (D:8)
  23 yaks
  4 basilisks
  A steam dragon (D:7)
  2 nagas (Lair:2)
  An acid dragon (D:6)
  4 water moccasins
  2 ice beasts (D:6)
  An orc warrior (D:7)
  2 black bears (D:8)
  4 ogres
  3 centaurs (D:7)
  A lemure (D:7)
  7 bullfrogs
  A kobold brigand (D:7)
  4 scorpions
  5 wights (D:6)
  4 howler monkeys
  A hound (D:5)
  3 orc priests
  2 gnoll boudas
  3 jellies
  2 iguanas
  Natasha (thrice) (D:3)
  4 orc wizards (D:7)
  7 gnolls
  18 adders
  2 shadow imps
  5 white imps
  2 ufetubi
  4 dart slugs
  15 orcs
  9 endoplasms
  2 giant cockroaches
  7 goblins
  9 hobgoblins
  2 quokkas
  5 ball pythons
  5 bats
  3 frilled lizards
  17 kobolds
  4 rats
226 creatures vanquished.

Vanquished Creatures (others)
  14 fungi
  33 plants
47 creatures vanquished.

Grand Total: 273 creatures vanquished

Notes
Turn   | Place    | Note
-------+----------+-------------------------------------------
     0 | D:1      | p00ps00p the Hill Orc Fighter began the quest for the Orb.
     0 | D:1      | Reached XP level 1. HP: 19/19 MP: 1/1
   133 | D:1      | Reached XP level 2. HP: 27/27 MP: 2/2
   736 | D:1      | Reached XP level 3. HP: 24/33 MP: 3/3
  1085 | D:2      | Noticed Sigmund
  1094 | D:2      | Killed Sigmund
  1095 | D:2      | Reached XP level 4. HP: 30/41 MP: 4/4
  1095 | D:2      | Reached XP level 5. HP: 34/47 MP: 5/5
  1327 | D:2      | Reached skill level 5 in Fighting
  1396 | D:2      | Reached XP level 6. HP: 56/56 MP: 6/6
  1632 | D:2      | Found a faded altar of an unknown god.
  2108 | D:3      | Noticed Grinder
  2109 | D:3      | Noticed Natasha
  2112 | D:3      | Paralysed by Grinder for 3 turns
  2122 | D:3      | Killed Natasha
  2124 | D:3      | Killed Grinder
  2125 | D:3      | Reached skill level 5 in Axes
  2125 | D:3      | Reached skill level 5 in Armour
  2125 | D:3      | Reached skill level 5 in Shields
  2125 | D:3      | Reached XP level 7. HP: 44/61 MP: 7/7
  2469 | D:3      | Noticed Natasha
  2478 | D:3      | Killed Natasha
  2752 | D:3      | Noticed Natasha
  2759 | D:3      | Killed Natasha
  3687 | D:4      | Reached XP level 8. HP: 68/71 MP: 8/8
  3797 | D:5      | Entered Level 5 of the Dungeon
  3807 | D:5      | Identified a scroll of acquirement
  3807 | D:5      | Acquired a +1 vorpal broad axe
  4602 | D:6      | Reached XP level 9. HP: 55/79 MP: 9/9
  4651 | D:6      | Found a shimmering blue altar of Sif Muna.
  5391 | D:6      | Found a staircase to the Ecumenical Temple.
  5407 | Temple   | Entered the Ecumenical Temple
  5673 | Temple   | Became a worshipper of Gozag Ym Sagoz the Greedy
  6111 | D:6      | Noticed a deep elf pyromancer
  6116 | D:6      | Killed a deep elf pyromancer
  6600 | D:7      | Identified the +2 robe of Defence {rCorr}
  6901 | D:7      | Noticed Pikel
  6907 | D:7      | Killed Pikel
  6908 | D:7      | Reached XP level 10. HP: 91/91 MP: 10/10
  7362 | D:7      | Acquired 1197 gold pieces
  7365 | D:7      | Bought a glowing chain mail for 232 gold pieces
  7365 | D:7      | Bought a runed cloak for 232 gold pieces
  7365 | D:7      | Bought a glowing helmet for 232 gold pieces
  7783 | D:8      | Reached skill level 10 in Axes
  7837 | D:8      | Found a staircase to the Lair.
  8128 | D:9      | Noticed Amaemon
  8128 | D:9      | Noticed an orange demon
  8153 | Lair:1   | Entered Level 1 of the Lair of Beasts
  8214 | Lair:1   | Noticed a cane toad
  8222 | Lair:1   | Killed a cane toad
  8223 | Lair:1   | Reached skill level 10 in Fighting
  8309 | Lair:1   | Reached XP level 11. HP: 29/101 MP: 11/11
  8870 | Lair:1   | Found a runed translucent door.
  8954 | Lair:1   | Reached skill level 10 in Shields
  8972 | Lair:1   | Reached skill level 10 in Armour
  9868 | Lair:1   | Noticed a minotaur
  9887 | Lair:1   | Killed a minotaur
 10243 | Lair:2   | Noticed a bog body
 10255 | Lair:2   | Killed a bog body
 10337 | Lair:2   | Found a staircase to the Snake Pit.
 10443 | Lair:2   | Reached XP level 12. HP: 112/112 MP: 12/12
 10551 | Lair:2   | Found a runed translucent door.
 10551 | Lair:2   | Noticed Hellmel's ghost (journeyman DsGl)
 10588 | Lair:2   | Found a frozen archway.
 10612 | IceCv    | Entered an ice cave
 10914 | IceCv    | HP: 1/112 [troll simulacrum (12)]
 10915 | IceCv    | Slain by an anaconda simulacrum

Illustrated notes

Levels and vault maps discovered:
D:1:      dpeg_arrival_leaves_temple_mockup, layout_loops_ring,
          chequers_serial_rivers_micro_c, nrook_mini_backslash,
          minmay_split_cup_large
D:2:      layout_basic, ebering_ecumenical_altar_sacrificial,
          minmay_three_crescents, uniq_sigmund
D:3:      minmay_inner_zag, layout_loops_ring, minmay_misc_feat_rugged,
          corexii_item_surrounded_by_moat, uniq_natasha, uniq_grinder
D:4:      layout_gridville
D:5:      layout_rooms, serial_bayou_crossing
D:6:      layout_layer_cave, amcnicky_altar_gilded, minmay_temple_entry_glass,
          guppyfry_early_elven_hall
D:7:      layout_loops_ring, uniq_pikel
D:8:      layout_basic, david_lair_generic
D:9:      minmay_clustersquares, layout_irregular_city,
          grunt_temple_overflow_open, serial_shops, shop, uniq_amaemon
Temple:   oiseaux_autumnal_temple
Lair:1:   dreamdust_labyrinth, layout_layer_cave, cheibrodos_lair_lostbears
Lair:2:   minmay_lair_venomous_thicket, layout_cave_pods,
          nicolae_swamp_entry_splash_gauntlet, guppyfry_snake_entry_island,
          portal_ice_cave_demonic_guard, gammafunk_ghost_grave
IceCv:    ice_cave_small_demon

Skill      XL: |  1  2  3  4  5  6  7  8  9 10 11 12 |
---------------+-------------------------------------+-----
Axes           | 3 4 5 6 7 9 11 12 | 12.8
Fighting       | 4 5 6 7 9 10 11 12 | 12.1
Armour         | 4 5 6 8 9 10 11 | 11.1
Shields        | 4 5 6 8 9 11 | 11.2

Action                   |  1- 3 |  4- 6 |  7- 9 | 10-12 || total
-------------------------+-------+-------+-------+-------++-------
Melee: War axe           |    74 |    47 |    97 |    80 ||   298
       Broad axe         |       |       |   174 |   151 ||   325
Throw: Dart              |       |       |     8 |       ||     8
Invok: Call Merchant     |       |       |       |     2 ||     2
Evoke: Wand              |       |       |     1 |     6 ||     7
  Use: Potion            |     1 |     1 |       |     6 ||     8
       Scroll            |       |     3 |     9 |    11 ||    23
 Stab: Paralysed         |       |       |     3 |       ||     3
       Distracted        |       |       |     1 |     1 ||     2
Armor: Scale mail        |    35 |    32 |    66 |       ||   133
       Plate armour      |       |       |    89 |    10 ||    99
       Chain mail        |       |       |       |   172 ||   172
Dodge: Dodged            |    40 |    20 |    95 |    91 ||   246
Block: Buckler           |    17 |    10 |     4 |       ||    31
       Kite shield       |       |       |   116 |   175 ||   291

Table legend: (Time is in decaauts)
 A = Elapsed time spent in this place.
 B = Non-inter-level travel time spent in this place.
 C = Inter-level travel time spent in this place.
 D = Time resting spent in this place.
 E = Time spent auto-exploring this place.
 F = Levels seen in this place.
 G = Mean time per level.
                   A        B        C        D        E       F      G
               +--------+--------+--------+--------+--------+-----+--------+
         Total |  11099 |  10312 |    787 |    994 |   7285 |  13 |  853.8 |
       Dungeon |   8009 |   7343 |    666 |    190 |   5881 |   9 |  889.9 |
        Temple |    304 |    244 |     60 |      0 |    229 |   1 |  304.0 |
          Lair |   2483 |   2424 |     59 |    522 |   1165 |   2 | 1241.5 |
      Ice Cave |    302 |    302 |      0 |    282 |      9 |   1 |  302.0 |
               +--------+--------+--------+--------+--------+-----+--------+

Top non-repeatable levels by time:
  Lair:1: 2021 daAuts
     D:6: 1677 daAuts
     D:1: 1110 daAuts
     D:4: 1079 daAuts
     D:7: 1020 daAuts
     D:3: 949 daAuts
     D:2: 884 daAuts
     D:8: 733 daAuts
     D:5: 550 daAuts
  Lair:2: 461 daAuts
  Temple: 304 daAuts
   IceCv: 302 daAuts
     D:9: 3 daAuts
